 Dungeon Crawl Stone Soup version 0.20.0 (webtiles) character file.

10940 chickenpie the Protected (level 11, -4/148 HPs)
             Began as a Minotaur Berserker on May 29, 2017.
             Was a High Priest of Trog.
             Slain by a 13-headed hydra (6 damage)
             ... on level 2 of the Lair of Beasts.
             The game lasted 00:18:01 (8878 turns).

chickenpie the Protected (Minotaur Berserker)       Turns: 8878, Time: 00:18:02

Health: -4/148     AC: 11    Str: 31    XL:     11   Next: 42%
Magic:  10/10      EV: 14    Int:  4    God:    Trog [*****.]
Gold:   581        SH:  0    Dex: 12    Spells: 10/10 levels left

rFire    . . .     SeeInvis .   a - +1 hand axe
rCold    . . .     Gourm    .   (no shield)
rNeg     . . .     Faith    .   j - +0 plate armour
rPois    .         Spirit   .   (helmet restricted)
rElec    .         Reflect  .   k - +0 cloak
rCorr    .         Harm     .   (no gloves)
MR       .....                  (no boots)
Stlth    ..........             (no amulet)
Regen    0.4/turn               o - +3 ring of strength
MPRegen  0.2/turn               F - +2 ring of evasion

@: berserking, very quick
A: retaliatory headbutt, hooves 1, horns 2, deformed body, screaming 1
a: Berserk, Trog's Hand, Brothers in Arms, Burn Spellbooks, Renounce Religion


You were on level 2 of the Lair of Beasts.
You worshipped Trog.
Trog was extremely pleased with you.
You were not hungry.

You visited 2 branches of the dungeon, and saw 10 of its levels.

You collected 581 gold pieces.

Inventory:

Hand Weapons
 a - a +1 hand axe (weapon)
 E - the +3 mace "Qedoum" {vamp, *Slow rN+ Dex+3}
   (You found it on level 6 of the Dungeon)

   It inflicts no extra harm, but heals its wielder when it wounds a living foe.
   It affects your dexterity (+3).
   It protects you from negative energy.
   It may slow you when you take damage.
Armour
 j - a +0 plate armour (worn)
 k - a +0 cloak (worn)
Jewellery
 h - an uncursed ring of protection from cold
 o - a +3 ring of strength (left hand)
 z - an uncursed ring of protection from fire
 F - a +2 ring of evasion (right hand)
Wands
 r - a wand of random effects (25/48)
 B - a wand of confusion (30/48)
 D - a wand of lightning (4/15)
Scrolls
 b - 3 scrolls of recharging {unknown}
 i - 5 scrolls of identify {unknown}
 l - 2 scrolls of fog {unknown}
 p - a scroll of magic mapping {unknown}
 q - a scroll of blinking {unknown}
 s - 4 scrolls of immolation {unknown}
 u - a scroll of enchant weapon
 v - 4 scrolls of fear {unknown}
 x - 3 scrolls of teleportation {unknown}
 y - 5 scrolls of remove curse {unknown}
 A - a scroll of summoning {unknown}
Potions
 d - 4 potions of agility
 e - a potion of haste
 t - 3 potions of curing
Comestibles
 c - 6 bread rations
 f - 6 meat rations
 g - 6 royal jellies
 w - 6 fruits


   Skills:
 + Level 9.9 Fighting
 + Level 10.6(12.0) Axes
 + Level 9.4(11.4) Maces & Flails
 + Level 11.5 Armour
 * Level 7.9 Dodging
 + Level 1.0 Stealth


You had 10 spell levels left.
You didn't know any spells.

Dungeon Overview and Level Annotations

Branches:
Dungeon (8/15)             Temple (0/1) D:7            Lair (2/6) D:8
  Swamp: Lair:2-4    Shoals: Lair:2-4     Snake: Lair:2-4    Spider: Lair:2-4

Altars:
Ashenzari
Dithmenos
Fedhas
Kikubaaqudgha
Makhleb
Nemelex Xobeh
Yredelemnul
Zin

Shops:
D:6 %


Innate Abilities, Weirdness & Mutations

You reflexively headbutt those who attack you in melee.
You have a pair of horns on your head.
You have large cloven feet.
Armour fits poorly on your strangely shaped body.
You occasionally shout uncontrollably at your foes.


Message History

You hack one of the 11-headed hydra's heads off!
The ten-headed hydra grows two more!
You slash the 12-headed hydra!
The 12-headed hydra is lightly wounded.
You hit the komodo dragon. The komodo dragon bites you!!
* * * LOW HITPOINT WARNING * * *
You chop one of the 12-headed hydra's heads off!
The 11-headed hydra grows two more!
You slash the 13-headed hydra! You kick the 13-headed hydra!
The 13-headed hydra is moderately wounded.
You hit the komodo dragon but do no damage.
The 13-headed hydra bites you but does no damage.
The 13-headed hydra bites you!
* * * LOW HITPOINT WARNING * * *
The 13-headed hydra closely misses you. The 13-headed hydra bites you.
* * * LOW HITPOINT WARNING * * *
The 13-headed hydra barely misses you.
The 13-headed hydra completely misses you.
The 13-headed hydra bites you but does no damage.
The 13-headed hydra bites you.
You die...

##### ###########
####...########..#..#.#.#
......................../
.........................
.........................
..............†...P......
.#.######P.##†###..##...
#### #...#..###.## #
##P.##..#@### #
#.#P####lD.# #..## #.l.##
#.. ##..# ... #...# .#
.#.## .. .. ... ... ....
....


You could see a 13-headed hydra, a komodo dragon and an iguana.

Vanquished Creatures
  A hydra (Lair:2)
  Erica (D:8)
  A two-headed ogre (D:7)
  Pikel (D:4)
  3 spiny frogs
  5 komodo dragons
  A troll (D:7)
  4 blink frogs (Lair:2)
  A hippogriff (D:8)
  Eustachio (D:4)
  A human (D:8)
  4 hogs (D:8)
  A hungry ghost (D:8)
  6 water moccasins
  A porcupine (Lair:2)
  A sky beast (D:7)
  6 orc warriors
  2 ice beasts
  A black bear (D:5)
  2 phantoms
  2 ogres
  3 centaurs
  A crocodile (Lair:2)
  A big kobold (D:7)
  7 bullfrogs
  2 scorpions
  5 wights (D:7)
  An electric eel (Lair:1)
  2 crimson imps
  2 jellies (D:5)
  A quasit (D:8)
  3 hounds
  3 orc priests
  A bullfrog skeleton (D:6)
  2 iguanas
  9 orc wizards
  7 worker ants
  3 hound zombies
  4 gnolls (D:7)
  8 adders
  A shadow imp (D:5)
  A white imp (D:7)
  An ooze (D:5)
  An adder skeleton (D:8)
  3 worms
  4 dart slugs
  3 leopard geckos
  28 orcs
  3 ball pythons
  4 giant cockroaches
  6 hobgoblins
  17 jackals
  8 kobolds
  A quokka (D:8)
  5 bats
  4 goblins
  A quokka zombie (D:5)
  5 rats
207 creatures vanquished.

Vanquished Creatures (others)
  An adder skeleton (D:4)
  A dart slug (D:4)
  2 orcs (D:4)
  A frilled lizard (D:4)
  A fungus (Lair:2)
  5 plants (D:8)
11 creatures vanquished.

Grand Total: 218 creatures vanquished

Notes
Turn   | Place    | Note
-------+----------+-------------------------------------------
     0 | D:1      | chickenpie the Minotaur Berserker began the quest for the Orb.
     0 | D:1      | Reached XP level 1. HP: 19/19 MP: 0/0
    96 | D:1      | Reached XP level 2. HP: 22/27 MP: 1/1
   565 | D:2      | Reached XP level 3. HP: 30/33 MP: 2/2
  1206 | D:3      | Reached ** piety under Trog
  1206 | D:3      | Reached XP level 4. HP: 36/41 MP: 3/3
  1400 | D:3      | Reached skill level 5 in Fighting
  1400 | D:3      | Reached skill level 5 in Axes
  1441 | D:3      | Found a sparkling altar of Nemelex Xobeh.
  1555 | D:3      | Reached XP level 5. HP: 42/48 MP: 4/4
  1578 | D:3      | Reached skill level 3 in Armour
  1724 | D:4      | Noticed Eustachio
  1737 | D:4      | Killed Eustachio
  1737 | D:4      | Reached XP level 6. HP: 56/56 MP: 5/5
  1773 | D:4      | Reached skill level 4 in Armour
  1921 | D:4      | Noticed a slave
  1922 | D:4      | Noticed a slave
  1923 | D:4      | Noticed a slave
  1924 | D:4      | Noticed Pikel
  1924 | D:4      | Noticed a slave
  1936 | D:4      | Killed Pikel
  1936 | D:4      | Reached skill level 5 in Armour
  1936 | D:4      | Reached XP level 7. HP: 64/64 MP: 6/6
  2003 | D:4      | You fall through a shaft for 2 floors!
  2009 | D:6      | Reached XP level 8. HP: 71/71 MP: 7/7
  2069 | D:6      | Reached skill level 6 in Armour
  2232 | D:5      | Entered Level 5 of the Dungeon
  2236 | D:5      | Reached *** piety under Trog
  2329 | D:5      | Reached skill level 7 in Armour
  2554 | D:4      | Found a shadowy altar of Dithmenos.
  3034 | D:5      | You fall through a shaft!
  3037 | D:6      | Found Lohegomei's Food Boutique.
  3332 | D:5      | Reached XP level 9. HP: 81/81 MP: 8/8
  3510 | D:5      | Reached skill level 8 in Armour
  3820 | D:6      | Got a crystal mace
  3822 | D:6      | Identified the +3 mace "Qedoum" {vamp, *Slow rN+ Dex+3} (You found it on level 6 of the Dungeon)
  4198 | D:7      | Noticed a two-headed ogre
  4208 | D:7      | Killed a two-headed ogre
  4208 | D:7      | Reached skill level 10 in Axes
  4208 | D:7      | Reached skill level 1 in Maces & Flails
  4615 | D:7      | Reached **** piety under Trog
  4680 | D:7      | Reached skill level 9 in Armour
  4810 | D:7      | Reached skill level 5 in Dodging
  4819 | D:7      | Noticed a troll
  4829 | D:7      | Killed a troll
  5112 | D:7      | Found a staircase to the Ecumenical Temple.
  5160 | D:7      | Found a glowing silver altar of Zin.
  5163 | D:7      | Found a basalt altar of Yredelemnul.
  5163 | D:7      | Found a shattered altar of Ashenzari.
  5165 | D:7      | Found a blossoming altar of Fedhas.
  5167 | D:7      | Found an ancient bone altar of Kikubaaqudgha.
  5319 | D:8      | Found a glowing silver altar of Zin.
  5350 | D:8      | Reached XP level 10. HP: 90/90 MP: 9/9
  5359 | D:8      | Gained mutation: You are partially covered in iridescent scales. (AC +2) [potion of mutation]
  5359 | D:8      | Gained mutation: You possess an exceptional clarity of mind. [potion of mutation]
  5359 | D:8      | Gained mutation: Your system is resistant to poisons. (rPois) [potion of mutation]
  5359 | D:8      | Gained mutation: Your muscles are strong. (Str +2) [potion of mutation]
  5408 | D:8      | Noticed Erica
  5420 | D:8      | Killed Erica
  5420 | D:8      | Reached skill level 5 in Maces & Flails
  5545 | D:8      | Reached skill level 10 in Armour
  5636 | D:8      | Found a staircase to the Lair.
  5755 | D:8      | Reached ***** piety under Trog
  6059 | D:8      | Found a burning altar of Makhleb.
  6641 | Lair:1   | Entered Level 1 of the Lair of Beasts
  6821 | Lair:1   | Lost mutation: Your system is resistant to poisons. (rPois) [potion of mutation]
  6821 | Lair:1   | Lost mutation: Your muscles are strong. (Str +2) [potion of mutation]
  6821 | Lair:1   | Lost mutation: You possess an exceptional clarity of mind. [potion of mutation]
  6821 | Lair:1   | Lost mutation: You are partially covered in iridescent scales. (AC +2) [potion of mutation]
  6821 | Lair:1   | Gained mutation: You are weak. (Str -2) [potion of mutation]
  6821 | Lair:1   | Gained mutation: Your mind is acute. (Int +2) [potion of mutation]
  6821 | Lair:1   | Gained mutation: Your system is resistant to poisons. (rPois) [potion of mutation]
  6822 | Lair:1   | Lost mutation: Your mind is acute. (Int +2) [potion of mutation]
  6822 | Lair:1   | Lost mutation: You are weak. (Str -2) [potion of mutation]
  6822 | Lair:1   | Lost mutation: Your system is resistant to poisons. (rPois) [potion of mutation]
  6822 | Lair:1   | Gained mutation: You occasionally shout uncontrollably at your foes. [potion of mutation]
  6822 | Lair:1   | Gained mutation: Armour fits poorly on your strangely shaped body. [potion of mutation]
  6822 | Lair:1   | Gained mutation: You have large cloven feet. [potion of mutation]
  7096 | Lair:1   | Noticed a spiny frog
  7102 | Lair:1   | Killed a spiny frog
  7109 | Lair:1   | Reached XP level 11. HP: 43/97 MP: 10/10
  7566 | Lair:1   | Reached skill level 11 in Armour
  7885 | Lair:2   | Reached skill level 1 in Stealth
  8305 | Lair:2   | Noticed a six-headed hydra
  8316 | Lair:2   | HP: 7/148 [ten-headed hydra (4)]
  8318 | Lair:2   | Killed a 12-headed hydra
  8321 | Lair:2   | HP: 6/148 [poisoned by a water moccasin]
  8326 | Lair:2   | HP: 2/99 [poisoned by a water moccasin]
  8867 | Lair:2   | Noticed an eight-headed hydra
  8878 | Lair:2   | HP: 2/148 [13-headed hydra (6)]
  8878 | Lair:2   | Slain by a 13-headed hydra

Skill      XL: |  1  2  3  4  5  6  7  8  9 10 11 |
---------------+----------------------------------+-----
Axes           | 4 5 6 8 9 10 | 10.6
Fighting       | 4 5 6 7 8 9 |  9.9
Armour         | 3 5 7 9 10 11 | 11.5
Dodging        | 3 5 7 |  7.9
Maces & Flails | 4 8 9 |  9.4
Stealth        | 1 |  1.0

Action                   |  1- 3 |  4- 6 |  7- 9 | 10-12 || total
-------------------------+-------+-------+-------+-------++-------
Melee: Hand axe          |    69 |   110 |   132 |    42 ||   353
       Headbutt          |    17 |    14 |    51 |    62 ||   144
       Mace              |       |       |    89 |   188 ||   277
       Kick              |       |       |       |    47 ||    47
Invok: Berserk           |       |     2 |     3 |     2 ||     7
       Burn Spellbooks   |       |       |     1 |     2 ||     3
  Use: Scroll            |     2 |       |       |       ||     2
       Potion            |       |       |       |    11 ||    11
  Eat: Bread ration      |     1 |       |     3 |     1 ||     5
       Chunk             |       |       |     2 |     2 ||     4
       Royal jelly       |       |       |     2 |     4 ||     6
       Fruit             |       |       |       |     3 ||     3
Armor: Animal skin       |     6 |       |       |       ||     6
       Plate armour      |    33 |    65 |   139 |    98 ||   335
Dodge: Dodged            |    37 |    52 |   106 |   165 ||   360
